 Dungeon Crawl Stone Soup version 0.28-a0-1518-gbe868bca14 (webtiles) character file.

Game seed: 12273610225398678726

55 hashsling the Charlatan (level 4, -2/33 HPs)
             Began as a Human Wanderer on Jan 16, 2022.
             Slain by a gnoll (8 damage)
             ... on level 2 of the Dungeon.
             The game lasted 00:05:35 (1539 turns).

hashsling the Charlatan (Human Wanderer)            Turns: 1539, Time: 00:05:36

Health: -2/33      AC:  2    Str: 11    XL:     4   Next: 14%
Magic:  1/5        EV: 12    Int: 12    God:
Gold:   46         SH:  7    Dex: 16    Spells: 4/5 levels left

rFire   . . .      SeeInvis .   j - +2 whip (venom)
rCold   . . .      Faith    .   d - +2 buckler
rNeg    . . .      Spirit   .   m - +0 robe
rPois   .          Reflect  .   (no helmet)
rElec   .          Harm     .   (no cloak)
rCorr   .          Rampage  .   (no gloves)
Will    .....                   (no boots)
Stlth   +.........              (no amulet)
HPRegen 0.11/turn               (no ring)
MPRegen 0.09/turn               (no ring)

@: no status effects
A: no striking features
a: no special abilities


You were on level 2 of the Dungeon.
You visited 1 branch of the dungeon, and saw 2 of its levels.

You collected 46 gold pieces.

Inventory:

Hand Weapons
 j - a +2 whip of venom (weapon)
Missiles
 i - 5 curare-tipped darts
Armour
 d - a +2 buckler (worn)
 m - a +0 robe (worn)
Wands
 b - a wand of polymorph (4)
Scrolls
 a - a scroll of identify {unknown}
 h - 2 scrolls of summoning {unknown}
 l - a scroll of noise {unknown}
Potions
 e - 3 potions of heal wounds {unknown}
 f - a potion of attraction {unknown}
 g - 2 potions of degeneration {unknown}
 k - a potion of curing {unknown}


   Skills:
 * Level 1.7 Fighting
 * Level 1.8 Dodging
 * Level 2.8 Shields
 - Level 1.0 Spellcasting
 - Level 2.0 Summonings
 - Level 1.0 Invocations
 - Level 4.0 Evocations


You had 4 spell levels left.
You knew the following spells:

 Your Spells              Type           Power      Damage    Failure   Level
a - Summon Small Mammal   Summ           20%        N/A       17%         1

Your spell library contained the following spells:

 Spells                   Type           Power      Damage    Failure   Level
 Summon Guardian Golem    Hex/Summ       3%         N/A       61%         3


Dungeon Overview and Level Annotations

Branches:
Dungeon (2/15)

Altars:


Message History

The gnoll closely misses you.
Your bat closely misses the gnoll. x3
Your bat hits the gnoll.
Your bat hits the gnoll but does no damage. x2
The gnoll closely misses your bat.
Your bat closely misses the gnoll. x2
The gnoll hits your bat with a +0 spear!
Your bat dies!
Your bat's corpse disappears in a puff of smoke!
You hit the gnoll.
You kill the gnoll!
Casting: Summon Small Mammal (safe; 17% risk of failure)
Confirm with . or Enter, or press ? or * to list all spells.
You miscast Summon Small Mammal.
You are very lightly contaminated with residual magic.
Nothing appears to happen.
You closely miss the gnoll. You block the gnoll's attack.
Casting: Summon Small Mammal (safe; 17% risk of failure)
Confirm with . or Enter, or press ? or * to list all spells.
The gnoll hits you but does no damage.
The gnoll hits you from afar with a +0 spear.
Your magical contamination has completely faded away.
You hit the gnoll.
The gnoll is poisoned.
The gnoll is severely wounded.
Your bat barely misses the gnoll.
The gnoll hits your bat with a +0 club!
Your bat dies!
Your bat's corpse disappears in a puff of smoke!
The gnoll barely misses you.
You kill the gnoll!
You have reached level 4!
You feel agile. The gnoll hits you with a +0 spear.
You hit the gnoll but do no damage.
The gnoll is lightly wounded.
The gnoll hits you with a +0 spear.
* * * LOW HITPOINT WARNING * * *
You closely miss the gnoll.
The gnoll is lightly wounded.
The gnoll hits you with a +0 spear!
You die...

##.#####.##.#.###.....###.####
#.....##.##.#.###)....###.####
#.....##.##.#.....###.........
#.....##.#......#.# #...).....
##....†..#...wg...###.........
#########...)..#..##.........
#......##.##.........
#...g..##..#.........
#...@..###.#####.#### #......#
#.# #.# #......# #.# #.#
######## #.# ###.####
#[###....... #..##[......
########.##.......
#.........#.......
#.........#.......


You could see 2 gnolls and a dart slug.

Vanquished Creatures
  2 gnolls (D:2)
  A worm (D:2)
  3 ball pythons
  An endoplasm (D:1)
  A goblin (D:1)
  2 hobgoblins (D:2)
  3 kobolds
  2 quokkas (D:2)
  7 bats (D:1)
  2 frilled lizards (D:1)
  4 rats
28 creatures vanquished.

Vanquished Creatures (collateral kills)
  2 endoplasms (D:1)
  A hobgoblin (D:1)
  A kobold (D:1)
  A frilled lizard (D:2)
  A goblin (D:2)
  A rat (D:1)
7 creatures vanquished.

Vanquished Creatures (others)
  21 plants
21 creatures vanquished.

Grand Total: 56 creatures vanquished

Notes
Turn   | Place    | Note
-------+----------+-------------------------------------------
     0 | D:1      | hashsling the Human Wanderer began the quest for the Orb.
     0 | D:1      | hashsling set off with the following items: a +0 dagger, a
                  | wand of polymorph (4), a +0 robe, a +2 buckler; and the
                  | following spell memorised: Summon Small Mammal; and the
                  | following spells available to memorise: Summon Guardian
                  | Golem
     0 | D:1      | Reached XP level 1. HP: 13/13 MP: 2/2
    19 | D:1      | Found a faded altar of an unknown god.
    90 | D:1      | Reached XP level 2. HP: 9/20 MP: 1/3
   544 | D:1      | Reached skill level 1 in Dodging
   638 | D:1      | Reached skill level 1 in Fighting
   866 | D:1      | Reached XP level 3. HP: 25/26 MP: 4/4
  1535 | D:2      | Reached XP level 4. HP: 15/33 MP: 0/5
  1539 | D:2      | Slain by a gnoll

Illustrated notes

Levels and vault maps discovered:
D:1:      wheals_arrival_shading, layout_rooms,
          hellmonk_ecumenical_altar_pennies_from_heaven, serial_forest,
          infiniplex_forest_clump_medium, infiniplex_forest_clump_small,
          infiniplex_forest_straight_3, infiniplex_forest_side_room,
          infiniplex_forest_clump_small, infiniplex_forest_end_1,
          infiniplex_forest_clump_small, infiniplex_forest_clump_C, st_stairs_12
D:2:      layout_basic, nicolae_grassy_gnolls

Skill      XL: |  1  2 |
---------------+-------+-----
Dodging        | 1 |  1.8
Fighting       | 1 |  1.7
Shields        | |  2.8
Spellcasting   | |  1.0
Summonings     | |  2.0
Invocations    | |  1.0
Evocations     | |  4.0

Action                   |  1- 3 |  4- 6 || total
-------------------------+-------+-------++-------
Melee: Dagger            |    66 |       ||    66
       Whip              |    28 |     2 ||    30
 Cast: Summon Small Mamm |    27 |       ||    27
 Stab: Sleeping          |     1 |       ||     1
Armor: Robe              |    35 |       ||    35
Dodge: Dodged            |    57 |       ||    57
Block: Buckler           |    40 |       ||    40

Table legend: (Time is in decaauts)
 A = Elapsed time spent in this place.
 B = Non-inter-level travel time spent in this place.
 C = Inter-level travel time spent in this place.
 D = Time resting spent in this place.
 E = Time spent auto-exploring this place.
 F = Levels seen in this place.
 G = Mean time per level.
                   A        B        C        D        E       F      G
               +--------+--------+--------+--------+--------+-----+--------+
         Total |   1547 |   1536 |     11 |      0 |   1166 |   2 |  773.5 |
       Dungeon |   1547 |   1536 |     11 |      0 |   1166 |   2 |  773.5 |
               +--------+--------+--------+--------+--------+-----+--------+

Top non-repeatable levels by time:
     D:1: 1129 daAuts
     D:2: 417 daAuts
